 Dungeon Crawl Stone Soup version 0.19.0-2-gae57169 (webtiles) character file.

1027 Patchouli the Shield-Bearer (level 8, -2/61 HPs)
             Began as a Formicid Fighter on Nov 3, 2016.
             Was an Initiate of Okawaru.
             Killed from afar by Patchouli's ghost (25 damage)
             ... with a bolt of negative energy
             ... on level 6 of the Dungeon.
             The game lasted 00:11:42 (2167 turns).

Patchouli the Shield-Bearer (Formicid Fighter)      Turns: 2167, Time: 00:11:42

Health: -2/61      AC:  9    Str: 22    XL:     8   Next: 47%
Magic:  11/11      EV:  6    Int:  9    God:    Okawaru [......]
Gold:   151        SH: 10    Dex: 10    Spells: 0 memorised, 7 levels left

rFire  . . .     SeeInvis +     i - +2 falchion (freeze)
rCold  . . .     Gourm    .     r - +0 chain mail
rNeg   . . .     Faith    .     c - +0 shield
rPois  .         Spirit   .     (helmet unavailable)
rElec  .         Reflect  .     (no cloak)
rCorr  .         Harm     .     (no gloves)
MR     .....                    (no boots)
Stlth  ..........               (no amulet)
                                (no ring)
                                (no ring)

@: heavily drained
A: permanent stasis, dig shafts and tunnels, four strong arms, antennae 3
a: Dig, Shaft Self, Renounce Religion


You were on level 6 of the Dungeon.
You worshipped Okawaru.
Okawaru was noncommittal.
You were not hungry.

You visited 2 branches of the dungeon, and saw 7 of its levels.

You collected 151 gold pieces.

Inventory:

Hand Weapons
 a - a +0 long sword
 i - a +2 falchion of freezing (weapon)
Missiles
 e - 2 throwing nets (quivered)
Armour
 b - a +0 scale mail
 c - a +0 shield (worn)
 r - a +0 chain mail (worn)
Wands
 d - a wand of acid (4/15)
 k - a wand of flame (7/48)
 o - a wand of disintegration (7/24)
Scrolls
 j - a scroll of fog
 m - a scroll of identify
Potions
 g - 4 potions of curing
 l - 2 potions of flight {unknown}
Books
 h - a book of Geomancy

   Spells                             Type                      Level
   a - Sandblast                      Earth                        1
   b - Passwall                       Transmutation/Earth          2
   c - Stone Arrow                    Conjuration/Earth            3
   d - Petrify                        Transmutation/Earth          4
   e - Lee's Rapid Deconstruction     Earth                        5
Comestibles
 f - 3 bread rations
 n - a meat ration
 p - a beef jerky
 q - a royal jelly


   Skills:
 + Level 4.4(2.8) Fighting
 * Level 4.6(2.9) Long Blades
 + Level 2.6(1.0) Throwing
 + Level 5.0(3.4) Armour
 * Level 6.6(4.9) Shields
 + Level 0.2(0.0) Invocations
 * Level 4.3(2.6) Evocations


You had 7 spell levels left.
You didn't know any spells.

Dungeon Overview and Level Annotations

Branches:
Dungeon (6/15)             Temple (1/1) D:5

Altars:
Ashenzari
Hepliaklqana
Makhleb
Okawaru
Qazlal
Ru
Sif Muna
Xom
Yredelemnul
Zin
The Shining One

Shops:
D:4 }

Annotations:
D:6 Patchouli's ghost, novice DrTm


Innate Abilities, Weirdness & Mutations

You are under a permanent stasis effect.
You can dig through walls and to a lower floor.
Your four strong arms can wield two-handed weapons with a shield.
You have a pair of large antennae on your head. (SInv)


Message History

Patchouli's ghost breathes negative energy at you.
The bolt of negative energy hits you!
You feel drained. You block Patchouli's ghost's attack.
You hit Patchouli's ghost. You freeze Patchouli's ghost.
Patchouli's ghost is severely damaged.
You block Patchouli's ghost's attack.
You hit Patchouli's ghost. You freeze Patchouli's ghost.
Patchouli's ghost is almost destroyed.
Patchouli's ghost barely misses you.
You riposte.
You hit Patchouli's ghost. You freeze Patchouli's ghost.
Patchouli's ghost is almost destroyed.
You miss Patchouli's ghost.
Patchouli's ghost is almost destroyed.
Patchouli's ghost breathes negative energy at you.
The bolt of negative energy hits you!
You feel drained.
You barely miss Patchouli's ghost.
Patchouli's ghost is almost destroyed.
Patchouli's ghost breathes negative energy at you.
The bolt of negative energy hits you!
You feel drained.
You die...

#.# ..# {
##.# #..#
#..# ##..# {
##...######..
#.W#.†.......
#@#######....
##.# {{ .
##÷.# {
##..## #..##
#.## { #.#
#.# #.#


You could see Patchouli's ghost.

Vanquished Creatures
  Pikel (D:4)
  Edmund (D:5)
  A water moccasin (D:5)
  A phantom (D:5)
  A bullfrog (D:6)
  A centaur skeleton (D:5)
  A bullfrog skeleton (D:4)
  An orc priest (D:3)
  A hound (D:5)
  An iguana (D:4)
  A worker ant (D:4)
  2 adders
  An adder skeleton (D:4)
  A worm (D:3)
  A dart slug (D:3)
  3 leopard geckos
  11 orcs
  2 giant cockroaches
  2 goblins
  3 hobgoblins (D:3)
  3 jackals (D:2)
  A kobold (D:3)
  2 quokkas (D:5)
  2 bats (D:3)
  3 frilled lizards
  2 rats
50 creatures vanquished.

Vanquished Creatures (others)
  A slave (D:4)
1 creature vanquished.

Grand Total: 51 creatures vanquished

Notes
Turn   | Place    | Note
-------+----------+-------------------------------------------
     0 | D:1      | Patchouli the Formicid Fighter began the quest for the Orb.
     0 | D:1      | Reached XP level 1. HP: 18/18 MP: 1/1
   101 | D:2      | Reached XP level 2. HP: 15/24 MP: 2/2
   404 | D:2      | Reached skill level 4 in Shields
   441 | D:3      | Reached XP level 3. HP: 29/29 MP: 3/3
   971 | D:3      | Reached XP level 4. HP: 22/35 MP: 4/4
  1354 | D:4      | Found a deep blue altar of Sif Muna.
  1445 | D:4      | Noticed a slave
  1446 | D:4      | Noticed Pikel
  1447 | D:4      | Noticed a slave
  1462 | D:5      | Entered Level 5 of the Dungeon
  1462 | D:5      | Noticed a water moccasin
  1465 | D:5      | Killed a water moccasin
  1465 | D:5      | Reached skill level 1 in Throwing
  1465 | D:5      | Reached skill level 5 in Shields
  1465 | D:5      | Reached skill level 1 in Evocations
  1465 | D:5      | Reached XP level 5. HP: 42/42 MP: 5/5
  1471 | D:5      | Reached XP level 6. HP: 48/48 MP: 5/7
  1475 | D:5      | Noticed a phantom
  1488 | D:4      | Killed Pikel
  1488 | D:4      | Reached skill level 6 in Shields
  1488 | D:4      | Reached XP level 7. HP: 51/54 MP: 6/9
  1726 | D:4      | Found Sunyla's Gadget Shoppe.
  1775 | D:4      | Reached XP level 8. HP: 44/60 MP: 10/10
  1929 | D:5      | Noticed Edmund
  1938 | D:5      | Killed Edmund
  1938 | D:5      | Reached skill level 5 in Armour
  1975 | D:5      | Found a staircase to the Ecumenical Temple.
  1989 | Temple   | Entered the Ecumenical Temple
  1994 | Temple   | Became a worshipper of Warmaster Okawaru
  2154 | D:6      | Noticed Patchouli's ghost (novice DrTm)
  2167 | D:6      | Killed from afar by Patchouli's ghost

Skill      XL: |  1  2  3  4  5  6  7  8 |
---------------+-------------------------+-----
Shields        | 4 5 6 |  6.6
Long Blades    | 3 4 |  4.6
Throwing       | 1 2 |  2.6
Armour         | 4 5 |  5.0
Evocations     | 1 3 4 |  4.3
Fighting       | 4 |  4.4
Invocations    | |  0.2

Action                   |  1- 3 |  4- 6 |  7- 9 || total
-------------------------+-------+-------+-------++-------
Melee: Long sword        |    70 |       |       ||    70
       Falchion          |    10 |    30 |   100 ||   140
Evoke: Wand              |       |     3 |     9 ||    12
  Use: Scroll            |     2 |     2 |       ||     4
       Potion            |       |     1 |       ||     1
  Eat: Chunk             |       |     1 |     3 ||     4
Armor: Scale mail        |    27 |    13 |     5 ||    45
       Chain mail        |       |       |    13 ||    13
Dodge: Dodged            |    19 |    10 |    16 ||    45
Block: Shield            |    44 |     7 |    38 ||    89
       Rpst.: Long sword |     5 |       |       ||     5
       Falchion          |     1 |     2 |     9 ||    12
